 Dungeon Crawl Stone Soup version 0.31.0-32-g396128a36d (webtiles) character file.

Game seed: 1009555329979620814

18 H0rd4k the Sneak (level 2, -1/18 HPs)
             Began as an Octopode Artificer on Apr 18, 2024.
             Slain by a goblin
             ... wielding a +0 dagger
             ... led by Robin
              (4 damage)
             ... on level 1 of the Dungeon.
             The game lasted 00:00:38 (828 turns).

H0rd4k the Sneak (Octopode Artificer)                Turns: 828, Time: 00:00:38

Health: -1/18      AC:  1    Str: 11    XL:     2   Next: 66%
Magic:  2/2        EV: 13    Int: 13    God:
Gold:   70         SH:  0    Dex: 12    Spells: 1/1 levels left

rFire   . . .        (no weapon)
rCold   . . .        (no shield)
rNeg    . . .        (helmet restricted)
rPois   .            (no amulet)
rElec   .            (no ring)
rCorr   .            (no ring)
SInv    .            (no ring)
Will    .....        (no ring)
Stlth   +++          (no ring)
HPRegen 0.23/turn    (no ring)
MPRegen 0.08/turn    (no ring)
                     (no ring)

%: no passive effects
@: no status effects
A: almost no armour, amphibious, 8 rings, camouflage 1, gelatinous body 1,
(nimble swimmer 1), tentacles
a: no special abilities


You were on level 1 of the Dungeon.
You visited 1 branch of the dungeon, and saw 2 of its levels.

You collected 70 gold pieces.

Inventory:

Wands
 b - a wand of flame (15) (quivered)
 c - a wand of charming (15)
 d - a wand of iceblast (5)
Scrolls
 e - 2 scrolls of fear {unknown}
 g - a scroll of immolation {unknown}
 i - a scroll of identify {unknown}
Potions
 a - a potion of enlightenment {unknown}
 f - a potion of heal wounds {unknown}
 h - a potion of mutation {unknown}
 j - 2 potions of brilliance {unknown}
 k - a potion of magic {unknown}


   Skills:
 + Level 1.0 Fighting
 - Level 2.3 Dodging
 * Level 3.4 Stealth
 + Level 0.7 Unarmed Combat
 - Level 3.2 Evocations


You had one spell level left.
You didn't know any spells.
Your spell library was empty.

Dungeon Overview and Level Annotations

Branches:
Dungeon (2/15)

Altars:

Annotations:
D:2 Robin


Innate Abilities, Weirdness & Mutations

You cannot wear most types of armour.
You are amphibious.
You can wear up to eight rings at the same time.
Your skin changes colour to match your surroundings (Stealth+).
Your rubbery body absorbs attacks. (AC +1, EV +1)
((You are camouflaged when in or above water. (Stealth+)))
You have tentacles for arms and can constrict up to eight enemies at once.


Message History

The helpless hobgoblin fails to defend itself.
You tentacle-slap the hobgoblin but do no damage.
Your grab misses the hobgoblin.
Robin shouts!
The goblin shouts! x2; You hear a shout! x2
The hobgoblin hits you but does no damage.
You hear a shout! x3
There are monsters nearby!
You tentacle-slap the hobgoblin. You grab the hobgoblin.
The hobgoblin is heavily wounded.
You constrict the hobgoblin, but do no damage.
Robin throws the goblin at you! The hobgoblin hits you.
The goblin hits you but does no damage.
There are monsters nearby!
You tentacle-slap the hobgoblin but do no damage.
The hobgoblin is heavily wounded.
You constrict the hobgoblin, but do no damage.
The goblin barely misses you. The hobgoblin closely misses you.
You tentacle-slap the hobgoblin but do no damage.
The hobgoblin is heavily wounded.
You constrict the hobgoblin. The hobgoblin hits you.
The goblin closely misses you.
You release your grip on the hobgoblin.
A goblin comes into view. It is wielding a +0 club.
The hobgoblin attacks as it pursues you!
The hobgoblin barely misses you. The goblin barely misses you.
The goblin attacks as it pursues you! The goblin closely misses you.
The goblin attacks as it pursues you! The goblin hits you with a +0 dagger.
The goblin attacks as it pursues you! The goblin hits you with a +0 dagger.
The goblin attacks as it pursues you! The goblin hits you with a +0 dagger.
There is an escape hatch in the ceiling here.
The goblin hits you with a +0 dagger.
* * * LOW HITPOINT WARNING * * *
A mysterious force pulls you upwards. The hatch slams shut behind you.
The goblin completely misses you. The goblin hits you with a +0 dagger.
* * * LOW HITPOINT WARNING * * *
You tentacle-slap the goblin. You grab the goblin.
The goblin is moderately wounded.
You constrict the goblin. The goblin hits you with a +0 dagger.
You die...

#####......####.......##
#######.............รท.......+.
#................####.......##
#.##.#.....#.....# #.........
#.#..#.....#.....## #.........
###...##.[....).....########....
#..>......(.........'...####....
###########...g.....###...######
#....@....# ###...####
#.........# ###.#...
#.........### #.....
#...........# ###.#.
#...........# #.## #...........#
#[.. #...........# #...
#.....#.....# #... #.....#..)..#
#...


You could see a goblin.

Vanquished Creatures
  A ribbon worm (D:2)
  3 endoplasms
  2 giant cockroaches (D:1)
  2 hobgoblins
  A quokka (D:2)
  A ball python (D:1)
  2 frilled lizards (D:1)
  2 kobolds
14 creatures vanquished.

Notes
Turn   | Place    | Note
-------+----------+-------------------------------------------
     0 | D:1      | H0rd4k the Octopode Artificer began the quest for the Orb.
     0 | D:1      | Reached XP level 1. HP: 13/13 MP: 1/1
   244 | D:1      | Reached XP level 2. HP: 18/18 MP: 2/2
   803 | D:2      | Noticed Robin
   828 | D:1      | Slain by a goblin

Illustrated notes

Levels and vault maps discovered:
D:1:      dpeg_arrival_rooms_b, layout_basic
D:2:      layout_basic, serial_corexii_hall, chequers_hall_statues_wall_a,
          corexii_hall_statues_s, serial_bayou_lagoon_b, uniq_robin,
          uniq_natasha

Skill      XL: |  1  2 |
---------------+-------+-----
Stealth        | 2 3 |  3.4
Fighting       | |  1.0
Dodging        | |  2.3
Unarmed Combat | |  0.7
Evocations     | |  3.2

Action                     || total
---------------------------++-------
  Melee: Unarmed           ||    51
         Constrict         ||    11
         Tentacles         ||     8
   Stab: Sleeping          ||     7
 Armour: Skin              ||    28
  Dodge: Dodged            ||    23
